 Dungeon Crawl Stone Soup version 0.25.1-2-g60ff931df9 (webtiles) character file.

Game seed: 4502993608426650746

77 Delamore the Skirmisher (level 4, 0/29 HPs)
             Began as a Gargoyle Fighter on Oct 24, 2020.
             Killed by divine providence
             ... invoked by an orc priest
              (16 damage)
             ... on level 3 of the Dungeon.
             The game lasted 00:01:16 (1561 turns).

Delamore the Skirmisher (Gargoyle Fighter)          Turns: 1561, Time: 00:01:16

Health: 0/29       AC: 15    Str: 21    XL:     4   Next: 34%
Magic:  4/4        EV:  7    Int:  8    God:
Gold:   72         SH:  9    Dex:  9    Spells: 3/3 levels left

rFire    . . .     SeeInvis .   a - +0 flail
rCold    . . .     Gourm    .   c - +0 kite shield
rNeg     + . .     Faith    .   b - +0 scale mail
rPois    ∞         Spirit   .   (no helmet)
rElec    +         Reflect  .   m - +0 cloak
rCorr    .         Harm     .   (no gloves)
MR       .....                  (no boots)
Stlth    ..........             h - amulet of the acrobat
HPRegen  0.09/turn              i - +4 ring of protection
MPRegen  0.09/turn              (no ring)

@: no status effects
A: negative energy resistance 1, electricity resistance, unbreathing,
petrification resistance, rot immunity, AC +3
a: no special abilities


You were on level 3 of the Dungeon.
You were not hungry.

You visited 1 branch of the dungeon, and saw 3 of its levels.

You collected 72 gold pieces.

Inventory:

Hand Weapons
 a - a +0 flail (weapon)
Armour
 b - a +0 scale mail (worn)
 c - a +0 kite shield (worn)
 m - a +0 cloak (worn)
Jewellery
 h - an amulet of the acrobat (around neck)
 i - a +4 ring of protection (left hand)
Scrolls
 g - a scroll of remove curse {unknown}
 l - a scroll of blinking {unknown}
 o - a scroll of teleportation {unknown}
 p - a scroll of identify {unknown}
Potions
 d - a potion of might
 e - a potion of degeneration {unknown}
 j - a potion of brilliance {unknown}
 k - a potion of haste {unknown}
 q - a potion of curing {unknown}
 r - a potion of heal wounds {unknown}
Comestibles
 f - 6 rations
 n - a chunk of flesh


   Skills:
 + Level 4.2 Fighting
 + Level 3.0 Maces & Flails
 - Level 3.2 Armour
 + Level 4.1 Shields


You had 3 spell levels left.
You didn't know any spells.
Your spell library was empty.

Dungeon Overview and Level Annotations

Branches:
Dungeon (3/15)

Altars:
Dithmenos


Innate Abilities, Weirdness & Mutations

You are resistant to torment.
Your stone body is resilient. (AC +3)
You are immune to poison.
You resist negative energy. (rN+)
You are resistant to electric shocks. (rElec)
You can survive without breathing.
You are immune to petrification.
You are immune to rotting.


Message History

You block the orc's attack. The orc hits you with a +0 dagger.
Your shield and scale mail prevent you from hitting the orc.
The orc is almost dead.
You block the orc's attack.
You hit the orc.
You kill the orc!
No target in view!
No target in view!
No target in view!
You climb downwards.
The orc hits you but does no damage. The kobold hits you but does no damage.
The orc hits you but does no damage.
The orc priest invokes the aid of Beogh against you.
Beogh smites you! You block the kobold's attack.
There is a stone staircase leading up here.
The kobold hits you with a +0 short sword.
You block the orc's attack.
The orc priest calls down the wrath of Beogh upon you.
Beogh smites you!
Ouch! That really hurt!
You die...

# #. #.. ..# #
o.. #.##.###
#).....######..
#.....K........
#.....K@.......
#.....o#####...
#.##.### # #.
.. .. .##


You could see an orc priest, an orc and 2 kobolds.

Vanquished Creatures
  3 adders (D:2)
  2 worms (D:2)
  2 dart slugs
  An orc (D:2)
  6 bats
  3 giant cockroaches (D:2)
  4 goblins (D:1)
  3 jackals (D:1)
  9 kobolds
  4 frilled lizards
  4 rats
41 creatures vanquished.

Notes
Turn   | Place    | Note
-------+----------+-------------------------------------------
     0 | D:1      | Delamore the Gargoyle Fighter began the quest for the Orb.
     0 | D:1      | Reached XP level 1. HP: 14/14 MP: 1/1
   103 | D:1      | Reached XP level 2. HP: 18/19 MP: 2/2
   642 | D:2      | Reached XP level 3. HP: 24/24 MP: 3/3
   747 | D:2      | Found a shadowy altar of Dithmenos.
  1274 | D:2      | Reached XP level 4. HP: 25/29 MP: 4/4
  1561 | D:3      | Killed from afar by an orc priest

Illustrated notes

Levels and vault maps discovered:
D:1:      dpeg_arrival_pits, layout_basic
D:2:      layout_loops_ring, nicolae_dithmenos_shadow_blocks, first_ration
D:3:      layout_rooms, nicolae_overflow_hidden_temple, elyvilon_altar_5,
          uniq_jessica

Skill      XL: |  1  2  3  4 |
---------------+-------------+-----
Fighting       | 4 |  4.2
Shields        | 4 |  4.1
Maces & Flails | 3 |  3.0
Armour         | |  3.2

Action                   |  1- 3 |  4- 6 || total
-------------------------+-------+-------++-------
Melee: Flail             |   146 |    14 ||   160
  Eat: Chunk             |     1 |     1 ||     2
Armor: Scale mail        |    75 |    12 ||    87
Dodge: Dodged            |    77 |     4 ||    81
Block: Kite shield       |    91 |     7 ||    98
